 Dungeon Crawl Stone Soup version 0.31-a0-155-gb63f529262 (webtiles) character file.

Game seed: 10200848501913593555

252 Ijustatesigmund the Stinger (level 6, -4/38 HPs)
             Began as an Octopode Venom Mage on June 12, 2023.
             Killed from afar by a white imp (12 damage)
             ... with a puff of frost
             ... on level 4 of the Dungeon.
             The game lasted 00:06:46 (3799 turns).

Ijustatesigmund the Stinger (Octopode Venom Mage)   Turns: 3799, Time: 00:06:46

Health: -4/38      AC:  1    Str:  7    XL:     6   Next: 13%
Magic:  11/11      EV: 13    Int: 25    God:
Gold:   134        SH:  0    Dex: 13    Spells: 1/11 levels left

rFire   . . .        k - +2 short sword (elec)
rCold   . . .        (no shield)
rNeg    . . .        (helmet restricted)
rPois   .            (no amulet)
rElec   .            i - ring of willpower
rCorr   .            j - +6 ring of intelligence
SInv    .            (no ring)
Will    ++...        (no ring)
Stlth   +++          (no ring)
HPRegen 0.26/turn    (no ring)
MPRegen 0.12/turn    (no ring)
                     (no ring)

%: no passive effects
@: enlightened, flying, hasted, very quick
A: almost no armour, amphibious, 8 rings, camouflage 1, gelatinous body 1,
(nimble swimmer 1), tentacles
a: no special abilities


You were on level 4 of the Dungeon.
You visited 2 branches of the dungeon, and saw 5 of its levels.

You collected 134 gold pieces.

Inventory:

Hand Weapons
 b - a +1 short sword of venom
 k - a +2 short sword of electrocution (weapon)
Jewellery
 i - a ring of willpower (left tentacle)
 j - a +6 ring of intelligence (right tentacle)
Wands
 p - a wand of mindburst (13)
Scrolls
 d - 4 scrolls of immolation
 l - a scroll of identify {unknown}
 m - a scroll of vulnerability {unknown}
 n - a scroll of enchant armour {unknown}
 o - a scroll of teleportation
Potions
 a - 2 potions of magic
 c - 2 potions of curing {unknown}
 e - a potion of invisibility {unknown}
 f - a potion of enlightenment
 g - a potion of heal wounds {unknown}
 h - 2 potions of haste
 q - a potion of mutation {unknown}


   Skills:
 - Level 1.0 Fighting
 - Level 2.0 Dodging
 - Level 2.6 Stealth
 + Level 3.3 Spellcasting
 + Level 2.0 Conjurations
 - Level 1.0 Transmutations
 + Level 2.3 Air Magic
 + Level 5.1 Poison Magic
 + Level 1.2 Evocations


You had one spell level left.
You knew the following spells:

 Your Spells              Type           Power      Damage    Failure   Level
a - Sting                 Tmut/Pois      76%        1d6       2%          1
b - Poisonous Vapours     Pois/Air       44%        N/A       3%          2
c - Mephitic Cloud        Conj/Pois/Air  20%        N/A       8%          3
d - Olgreb's Toxic Radia  Pois           29%        N/A       12%         4

Your spell library contained the following spells:

 Spells                   Type           Power      Damage    Failure   Level
 Summon Guardian Golem    Hex/Summ       4%         N/A       28%         3
 Orb of Destruction       Conj           7%         9d6       100%        7
 Spellforged Servitor     Conj/Summ      4%         N/A       100%        7


Dungeon Overview and Level Annotations

Branches:
Dungeon (4/15)             Temple (1/1) D:4

Altars:
Ashenzari
Dithmenos
Fedhas
Hepliaklqana
Kikubaaqudgha
Nemelex Xobeh
Okawaru
Trog
Uskayaw
Wu Jian
Zin
The Shining One

Shops:
D:3 (   D:4 (


Innate Abilities, Weirdness & Mutations

You cannot wear most types of armour.
You are amphibious.
You can wear up to eight rings at the same time.
Your skin changes colour to match your surroundings (Stealth+).
Your rubbery body absorbs attacks. (AC +1, EV +1)
((You are camouflaged when in or above water. (Stealth+)))
You have tentacles for arms and can constrict up to eight enemies at once.


Message History

The endoplasm freezes you.
You are frozen.
The white imp gestures at you. The puff of frost hits you!
You are too injured to fight recklessly!
You are too injured to fight recklessly!
You are too injured to fight recklessly!
You are too injured to fight recklessly!
You are too injured to fight recklessly!
You are too injured to fight recklessly!
You are too injured to fight recklessly!
You are too injured to fight recklessly!
You are too injured to fight recklessly!
You are too injured to fight recklessly!
You are too injured to fight recklessly!
You are too injured to fight recklessly!
You are too injured to fight recklessly!
Unknown command.
It was a potion of enlightenment.
You feel very buoyant.
You fly up into the air.
You constrict the white imp, but do no damage.
The endoplasm hits you. The white imp hits you. The white imp freezes you.
Aiming: Mindburst
Press: ? - help, Shift-Dir - straight line, f - goblin
Aim: a goblin, wielding a +0 dagger (chance to affect: 83%)
The goblin's mind is blasted!!
You blow up the goblin!
You constrict the white imp. The white imp gestures at you.
The puff of frost hits you.
* * * LOW HITPOINT WARNING * * *
The endoplasm freezes you.
You are frozen.
* * * LOW HITPOINT WARNING * * *
It was a potion of haste.
You feel yourself speed up.
You constrict the white imp. The white imp gestures at you.
The puff of frost hits you!
You die...

#... #.###..# #.. .#
#......# ##.# #.#
.##.##.#..### #.# ##.#
.......#..######.####...
......................##
.................>...##
..........#########.##
......)...# #..#
......J@..##### ###.###
......5.......####....##
..#....#..###.........##
#...####..# ######....##
... #..# ###..#. .. #..#
#.... . #..# ###...)
.... #...... .##
#.<#....


You could see a white imp and an endoplasm.

Vanquished Creatures
  A scorpion (D:4)
  2 sleepcaps
  4 gnolls (D:3)
  A worm (D:2)
  3 dart slugs
  7 orcs
  4 ball pythons
  7 endoplasms
  4 giant cockroaches
  2 goblins
  12 hobgoblins
  11 jackals (D:1)
  5 kobolds
  A quokka (D:3)
  5 bats
  4 frilled lizards
  9 rats
82 creatures vanquished.

Notes
Turn   | Place    | Note
-------+----------+-------------------------------------------
     0 | D:1      | Ijustatesigmund the Octopode Venom Mage began the quest for
                  | the Orb.
     0 | D:1      | Reached XP level 1. HP: 11/11 MP: 3/3
   205 | D:1      | Reached XP level 2. HP: 12/18 MP: 3/5
   220 | D:1      | Reached skill level 1 in Fighting
   220 | D:1      | Reached skill level 4 in Poison Magic
   418 | D:1      | Learned a level 2 spell: Poisonous Vapours
   654 | D:1      | Reached XP level 3. HP: 20/23 MP: 3/6
   853 | D:1      | Learned a level 3 spell: Mephitic Cloud
  1078 | D:1      | Reached skill level 1 in Air Magic
  1569 | D:2      | Reached XP level 4. HP: 27/28 MP: 5/8
  1915 | D:3      | Found Kuhar's Antique Weapon Shoppe.
  2143 | D:3      | Reached skill level 1 in Conjurations
  2176 | D:3      | Reached XP level 5. HP: 22/33 MP: 3/9
  3191 | D:4      | Learned a level 4 spell: Olgreb's Toxic Radiance
  3191 | D:4      | Found a staircase to the Ecumenical Temple.
  3199 | D:4      | Found Biufaecs's Weapon Boutique.
  3201 | Temple   | Entered the Ecumenical Temple
  3420 | D:4      | Reached skill level 5 in Poison Magic
  3603 | D:4      | Reached skill level 1 in Evocations
  3661 | D:4      | Reached XP level 6. HP: 38/38 MP: 10/10
  3799 | D:4      | Killed from afar by a white imp

Illustrated notes

Levels and vault maps discovered:
D:1:      tarquinn_simple_flora_water_c, layout_basic, minmay_split_cup_small
D:2:      layout_basic, serial_bayou_crossing
D:3:      layout_basic, serial_shops, nicolae_shop_tiny_statue_garden,
          patterned_corridor
D:4:      layout_rooms, minmay_temple_entry_crystal_x, serial_shops, shop,
          minmay_misc_feat_cross, minmay_distorted
Temple:   nicolae_temple_slightly_damp_pantheon

Skill      XL: |  1  2  3  4  5  6 |
---------------+-------------------+-----
Fighting       | 1 |  1.0
Poison Magic   | 4 5 |  5.1
Air Magic      | 1 2 |  2.3
Conjurations   | 1 2 |  2.0
Spellcasting   | 3 |  3.3
Evocations     | 1 |  1.2
Dodging        | |  2.0
Stealth        | |  2.6
Transmutations | |  1.0

Action                     |  1- 3 |  4- 6 || total
---------------------------+-------+-------++-------
  Melee: Unarmed           |    30 |       ||    30
         Constrict         |    19 |    18 ||    37
         Tentacles         |    18 |     8 ||    26
         Dagger            |    23 |       ||    23
         Punch             |     1 |     1 ||     2
         Short sword       |    31 |    57 ||    88
   Cast: Sting             |     7 |       ||     7
         Poisonous Vapours |    13 |    15 ||    28
         Mephitic Cloud    |       |     2 ||     2
         Olgreb's Toxic Ra |       |     1 ||     1
  Evoke: Wand              |       |     1 ||     1
    Use: Scroll            |     1 |     1 ||     2
         Potion            |       |     2 ||     2
   Stab: Sleeping          |     9 |     6 ||    15
 Armour: Skin              |     3 |     2 ||     5
  Dodge: Dodged            |    54 |    34 ||    88

Table legend: (Time is in decaauts)
 A = Elapsed time spent in this place.
 B = Non-inter-level travel time spent in this place.
 C = Inter-level travel time spent in this place.
 D = Time resting spent in this place.
 E = Time spent auto-exploring this place.
 F = Levels seen in this place.
 G = Mean time per level.
                   A        B        C        D        E       F      G
               +--------+--------+--------+--------+--------+-----+--------+
         Total |   3795 |   3695 |    100 |   1122 |   2027 |   5 |  759.0 |
       Dungeon |   3610 |   3530 |     80 |   1122 |   1873 |   4 |  902.5 |
        Temple |    185 |    166 |     19 |      0 |    154 |   1 |  185.0 |
               +--------+--------+--------+--------+--------+-----+--------+

Top non-repeatable levels by time:
     D:3: 1329 daAuts
     D:1: 1258 daAuts
     D:2: 594 daAuts
     D:4: 428 daAuts
  Temple: 185 daAuts
